 Dungeon Sprint DCSS version 0.19.5 (webtiles) character file.

108622 equalderp2856 the Sabretooth (level 14, 0/66 HPs)
             Began as a Felid Fighter on Mar 10, 2017.
             Was an Initiate of Gozag.
             Killed from afar by Viatakk the pandemonium lord (58 damage)
             ... with a great icy blast
             ... in the Dungeon (Sprint VII: "The Pits").
             The game lasted 01:17:16 (14270 turns).

equalderp2856 the Sabretooth (Felid Fighter)       Turns: 14270, Time: 01:17:16

Health: 0/66       AC:  3    Str: 13    XL:     14   Next: 68%
Magic:  0/29       EV: 44    Int: 15    God:    Gozag
Gold:   19654      SH:  0    Dex: 22    Spells: 5 memorised, 3 levels left
                                        Lives:  0   Deaths: 4

rFire  . . .     SeeInvis +       - Unarmed
rCold  + . .     Gourm    .     (armour unavailable)
rNeg   . . .     Faith    .     (shield unavailable)
rPois  .         Spirit   +     (helmet unavailable)
rElec  .         Reflect  .     (cloak unavailable)
rCorr  .         Harm     .     (gloves unavailable)
MR     ++...     NoTele   +     (boots unavailable)
Stlth  ++++......               J - amulet "Ziesot" {Spirit Int+4 Stlth+}
                                o - +3 ring of evasion
                                H - ring of Kuhoe {Dex+4 Stlth+}

@: frozen, gold aura, slow
A: no armour, no weapons or thrown items, stealth, claws 1, fangs 3, see
invisible, carnivore 3, speed 1, shaggy fur 3, slow metabolism 1, sharp paws
a: Potion Petition, Call Merchant, Bribe Branch, Renounce Religion
0: Orb of Zot
}: 3/15 runes: silver, golden, iron


You were in the Dungeon.
You worshipped Gozag.
Gozag was extremely pleased with you.
You were hungry.

You visited 1 branch You collected 61654 gold pieces.
You paid 42000 gold pieces to Gozag.

Inventory:

Armour
 c - a +0 robe
Jewellery
 n - a +5 ring of intelligence
 o - a +3 ring of evasion (right paw)
 x - an uncursed ring of fire
 H - the ring of Kuhoe (left paw) {Dex+4 Stlth+}
   (You found it in the Dungeon)

   [ring of stealth]

   It affects your dexterity (+4).
   It makes you more stealthy.
 I - the amulet "Musy" {Gourm rC+ Int+6 Dex+4}
   (You found it in the Dungeon)

   [amulet of the gourmand]

   It allows you to eat raw meat even when not hungry.
   It affects your intelligence (+6).
   It affects your dexterity (+4).
   It protects you from cold.
 J - the amulet "Ziesot" (around neck) {Spirit Int+4 Stlth+}
   (You found it in the Dungeon)

   [amulet of guardian spirit]

   It causes incoming damage to be split between your health and magic.
   It affects your intelligence (+4).
   It makes you more stealthy.
 K - the amulet "Punti Miq" {Spirit rF+ rN+}
   (You found it in the Dungeon)

   [amulet of guardian spirit]

   It causes incoming damage to be split between your health and magic.
   It protects you from fire.
   It protects you from negative energy.
 L - the ring of Devotion {rF+ MP+9 Str-3 Dex+4 Stlth+}
   (You found it in the Dungeon)

   [ring of magical power]

   It affects your strength (-3).
   It affects your dexterity (+4).
   It protects you from fire.
   It affects your magic capacity (+9).
   It makes you more stealthy.
 R - the ring "Ocsedem" {rPois Int+4}
   (You found it in the Dungeon)

   [ring of poison resistance]

   It affects your intelligence (+4).
   It protects you from poison.
 S - a +6 ring of protection
 U - a +6 ring of dexterity
 V - a +6 ring of dexterity
 W - a +6 ring of strength
 X - an uncursed ring of wizardry
Wands
 m - a wand of flame (12/48)
 y - a wand of paralysis (9/24)
 M - a wand of confusion (35/48)
 N - a wand of heal wounds (4/9)
 O - a wand of hasting (4/9)
Scrolls
 h - 2 scrolls of recharging
 j - 6 scrolls of remove curse
 k - 7 scrolls of amnesia
 l - 2 scrolls of summoning
 t - 2 scrolls of fear
 v - 11 scrolls of identify
 Y - a scroll of fog
 Z - a scroll of holy word
Potions
 a - 5 potions of might
 e - 4 potions of haste
 f - 6 potions of magic
 g - 5 potions of berserk rage
 i - 2 potions of invisibility
 p - 3 potions of agility
 q - 4 potions of brilliance
 s - 4 potions of curing
 u - 10 potions of cure mutation
 w - a potion of flight {unknown}
 z - 3 potions of lignification
Books
 d - the Catalogue of the Destructive Glacier
   (You found it in the Dungeon)

   Spells                             Type                      Level
   a - Flame Tongue                   Conjuration/Fire             1
   b - Shock                          Conjuration/Air              1
   c - Freeze                         Ice                          1
   d - Ensorcelled Hibernation        Hexes/Ice                    2
   e - Venom Bolt                     Conjuration/Poison           5
   f - Lightning Bolt                 Conjuration/Air              5
   g - Metabolic Englaciation         Hexes/Ice                    5
 A - a book of Annihilations

   Spells                             Type                      Level
   a - Poison Arrow                   Conjuration/Poison           6
   b - Chain Lightning                Conjuration/Air              8
   c - Lehudib's Crystal Spear        Conjuration/Earth            8
   d - Glaciate                       Conjuration/Ice              9
   e - Fire Storm                     Conjuration/Fire             9
 B - Jamai's Disquisition on Conjuration and Lightness
   (You found it in the Dungeon)

   Spells                             Type                      Level
   a - Static Discharge               Conjuration/Air              3
   b - Throw Icicle                   Conjuration/Ice              4
   c - Venom Bolt                     Conjuration/Poison           5
 C - a book of Unlife

   Spells                             Type                      Level
   a - Recall                         Summoning/Translocation      3
   b - Animate Dead                   Necromancy                   4
   c - Control Undead                 Necromancy                   4
   d - Cigotuvi's Embrace             Necromancy                   5
   e - Death Channel                  Necromancy                   6
   f - Simulacrum                     Ice/Necromancy               6
 D - a book of Minor Magic

   Spells                             Type                      Level
   a - Magic Dart                     Conjuration                  1
   b - Blink                          Translocation                2
   c - Call Imp                       Summoning                    2
   d - Repel Missiles                 Charms/Air                   2
   e - Slow                           Hexes                        2
   f - Conjure Flame                  Conjuration/Fire             3
   g - Mephitic Cloud                 Conjuration/Poison/Air       3
 E - a Fen Folio

   Spells                             Type                      Level
   a - Corpse Rot                     Necromancy                   2
   b - Stone Arrow                    Conjuration/Earth            3
   c - Leda's Liquefaction            Hexes/Earth                  4
   d - Summon Forest                  Summoning/Translocation      5
   e - Hydra Form                     Transmutation                6
   f - Summon Hydra                   Summoning                    7
 F - a book of Fire

   Spells                             Type                      Level
   a - Ignite Poison                  Fire/Transmutation/Poison    3
   b - Fireball                       Conjuration/Fire             5
   c - Bolt of Fire                   Conjuration/Fire             6
   d - Delayed Fireball               Conjuration/Fire             7
   e - Ring of Flames                 Charms/Fire                  7
 G - a book of the Sky

   Spells                             Type                      Level
   a - Summon Lightning Spire         Summoning/Air                4
   b - Airstrike                      Air                          4
   c - Silence                        Hexes/Air                    5
   d - Deflect Missiles               Charms/Air                   6
   e - Conjure Ball Lightning         Conjuration/Air              6
   f - Tornado                        Air                          9
 Q - a book of the Warp

   Spells                             Type                      Level
   a - Gell's Gravitas                Hexes/Translocation          3
   b - Portal Projectile              Translocation                3
   c - Force Lance                    Conjuration/Translocation    4
   d - Dispersal                      Translocation                6
   e - Controlled Blink               Translocation                8
   f - Disjunction                    Translocation                8
 T - a book of Dreams

   Spells                             Type                      Level
   a - Ensorcelled Hibernation        Hexes/Ice                    2
   b - Silence                        Hexes/Air                    5
   c - Darkness                       Hexes                        6
   d - Shadow Creatures               Summoning                    6
Comestibles
 b - 9 meat rations
 P - a royal jelly


   Skills:
 - Level 10.2 Fighting
 - Level 25.0 Dodging
 - Level 25.1 Stealth
 O Level 27 Unarmed Combat
 - Level 10.1 Spellcasting
 * Level 11.6 Conjurations
 + Level 15.0 Fire Magic
 - Level 7.4 Ice Magic
 - Level 2.0 Evocations


You had 3 spell levels left.
You knew the following spells:

 Your Spells              Type           Power        Failure   Level  Hunger
a - Glaciate              Conj/Ice       #####.....   100%        9    #######
b - Throw Icicle          Conj/Ice       #####...     1%          4    ###....
c - Blink                 Tloc           N/A          14%         2    None
d - Bolt of Fire          Conj/Fire      #####.....   10%         6    ######.
e - Fire Storm            Conj/Fire      #####.....   100%        9    #######


Dungeon Overview and Level Annotations

Branches:
Dungeon (1/1)

Altars:
Ashenzari
Cheibriados
Dithmenos
Elyvilon
Fedhas
Gozag
Hepliaklqana
Kikubaaqudgha
Makhleb
Nemelex Xobeh
Okawaru
Qazlal
Ru
Sif Muna
Trog
Uskayaw
Vehumet
Xom
Yredelemnul
Zin
The Shining One
Beogh
Jiyva
Lugonu

Annotations:
D exclusion: 4 doors, Khufu, Serpent of Hell


Innate Abilities, Weirdness & Mutations

You cannot wear armour.
You are incapable of wielding weapons or throwing items.
Your paws allow you to move quietly. (Stealth)
You have sharp claws.
You have razor-sharp teeth.
You have supernaturally acute eyesight. (SInv)
You are carnivorous and can eat meat at any time.
You cover ground quickly.
Your thick and shaggy fur keeps you warm. (AC +3, rC+)
You have a slow metabolism.
Your sharp claws are effective at attacking unaware monsters.


Message History

The red devil dies!
The damnation engulfs Jigoud.
The damnation engulfs your Hell Sentinel.
Your Hell Sentinel completely resists.
You feel much better.
You are engulfed in freezing vapours.
You resist. Viatakk gestures at your Hell Sentinel.
Viatakk conjures a mighty blast of ice!
The great icy blast engulfs your Hell Sentinel.
Your Hell Sentinel partially resists.
The great icy blast engulfs Jigoud.
Jigoud is frozen into a solid block of ice!
Jigoud dies!
Your Fire Magic skill increases to level 15!
The great icy blast engulfs your Tzitzimitl.
Your Tzitzimitl partially resists.
Your Tzitzimitl dies!
The great icy blast engulfs you! You partially resist.
Ouch! That really hurt!
You die...
Your body crumbles into a pile of gold.

(........# ###..$$)......### #.#<
.#.1#.#..# ##''######### ####
((##...########'$################
..#......##..........##.....#..#"
..#...(..##.....$....##.....#..#=
..#.....(''..#.§&§#..#####''#''##
..#.....('(...)D§1§).##...)).....
###########...§68§§..##.....#..))
###########((#§§@D#..##..#...(.#.
....|....''..§§§§§§§§##...)[#(.)(
.........''.§§§§§§§§§##..)))))(..
#######..##§§#§§§§#§.#####')#''##
#.#.#.#..##..........')...).#..#<
.#"#.##.1##..........''.....#..#<
#.#)#[#..####''####''############
)#=#.##.C####''####'[############
#.#.#.#..##......##....)6.......)


You could see Viatakk (invisible), the friendly Serpent of Hell, a friendly Hell
Sentinel, a friendly storm dragon and a friendly monstrous demonspawn.

Vanquished Creatures
  A deep elf master archer (D)
  An Orb Guardian (D)
  A storm dragon (D)
  A ghost moth (shapeshifter) (D)
  2 azure jellies (D)
  A ghost moth (D)
  An apis (D)
  A red draconian (D)
  An ettin (D)
  A deep elf death mage (D)
  A deep elf high priest (D)
  An ogre mage (D)
  A fire dragon (D)
  A naga warrior (D)
  An ice dragon (D)
  A merfolk aquamancer (D)
  An iron elemental (D)
  2 vampire magi (D)
  4 hell knights (D)
  2 shadow wraiths (D)
  A sixfirhy (D)
  2 fire crabs (D)
  A lindwurm (D)
  A swamp dragon (D)
  Pikel (D)
  3 orc knights (D)
  A deep elf mage (D)
  3 elephants (D)
  2 naga magi (D)
  A smoke demon (D)
  Joseph (D)
  A gargoyle (D)
  2 spiny frogs (D)
  An efreet (D)
  2 yaktaurs (D)
  9 kobold demonologists (D)
  2 hellwings (D)
  A wandering mushroom (D)
  A polar bear (D)
  3 blink frogs (D)
  4 slime creatures (D)
  A hippogriff (D)
  A bog body (D)
  A flying skull (D)
  A wraith (D)
  A ynoxinul (D)
  3 wyverns (D)
  4 water elementals (D)
  5 yaks (D)
  A fire elemental (D)
  A chaos spawn (D)
  A naga (D)
  Edmund (D)
  A soldier ant (D)
  2 water moccasins (D)
  A hell hound (D)
  A porcupine (D)
  An ice beast (D)
  2 large abominations (D)
  A swamp drake (D)
  A phantom (D)
  3 black bears (D)
  2 eyes of draining (D)
  7 ogres (D)
  6 wolves (D)
  A centaur (D)
  6 big kobolds (D)
  A gnoll sergeant (D)
  A killer bee (D)
  An orc priest (D)
  Crazy Yiuf (D)
  2 hounds (D)
  A jelly (D)
  An orc wizard (D)
  A worker ant (D)
  8 gnolls (D)
  2 river rats (D)
  A shadow imp (D)
  A white imp (D)
  An ufetubus (D)
  A worm (D)
  An adder simulacrum (D)
  2 leopard geckos (D)
  3 orcs (D)
  A bat skeleton (D)
  A quokka (D)
  A ball python (D)
  17 kobolds (D)
  A quokka skeleton (D)
  A rat (D)
176 creatures vanquished.

Vanquished Creatures (collateral kills)
  Ereshkigal (D)
  An orb of fire (D)
  2 ancient liches (D)
  4 pandemonium lords (D)
  the Lernaean hydra (D)
  Margery (D)
  4 golden dragons (D)
  A profane servitor (D)
  A pearl dragon (D)
  2 liches (D)
  A Brimstone Fiend (D)
  4 Ice Fiends (D)
  A hellephant (D)
  2 Hell Sentinels (D)
  8 Orb Guardians (D)
  2 quicksilver dragons (D)
  2 acid blobs (D)
  2 titans (D)
  An eldritch tentacle (D)
  2 Executioners (D)
  A draconian monk (D)
  An azure jelly (D)
  4 storm dragons (D)
  2 shadow dragons (D)
  A draconian knight (D)
  A frost giant (D)
  An emperor scorpion (D)
  2 cacodemons (D)
  2 balrugs (D)
  Louise (D)
  An angel (D)
  A reaper (D)
  A war gargoyle (D)
  A draconian zealot (D)
  3 stone giants (D)
  An apis (D)
  A draconian caller (D)
  A deep elf annihilator (D)
  A purple draconian (D)
  4 dire elephants (D)
  2 red draconians (D)
  A white draconian (D)
  4 ettins (D)
  2 green deaths (D)
  A fire dragon (D)
  2 death oozes (D)
  A monstrous demonspawn (D)
  A naga warrior (D)
  An ice dragon (D)
  A hell beast (D)
  3 hydras (D)
  An alligator snapping turtle (D)
  A death knight (D)
  A vault guard (D)
  4 catoblepae (D)
  2 dancing weapons (D)
  An alligator (D)
  An ogre mage (D)
  6 hell knights (D)
  6 hell hogs (D)
  2 soul eaters (D)
  2 sun demons (D)
  A sixfirhy (D)
  A fire crab (D)
  A swamp dragon (D)
  A shadow demon (D)
  4 hill giants (D)
  A torturous demonspawn (D)
  2 lindwurms (D)
  2 orc knights (D)
  A necromancer (D)
  2 elephants (D)
  2 orange demons (D)
  A rust devil (D)
  A smoke demon (D)
  3 rime drakes (D)
  6 hellwings (D)
  A komodo dragon (D)
  An ice devil (D)
  2 red devils (D)
  2 two-headed ogres (D)
  A wind drake (D)
  A hippogriff (D)
  A wandering mushroom (D)
  An air elemental (D)
  A ynoxinul (D)
  A wyvern (D)
  4 basilisks (D)
  A vampire mosquito (D)
  4 chaos spawn (D)
  2 steam dragons (D)
  A neqoxec (D)
  A mottled dragon (D)
  A naga (D)
  3 insubstantial wisps (D)
  3 hell hounds (D)
  A floating eye (D)
  3 swamp drakes (D)
  2 killer bees (D)
  A crimson imp (D)
  An iron imp (D)
  A hell rat (D)
  A block of ice (D)
191 creatures vanquished.

Vanquished Creatures (others)
  the Royal Jelly (D)
  Dissolution (D)
  3 ancient liches (D)
  Mennas (D)
  3 pandemonium lords (D)
  Boris (D)
  2 greater mummies (D)
  A curse toe (D)
  Xtahua (D)
  Geryon (D)
  Nikola (D)
  A golden dragon (D)
  A profane servitor (D)
  A bone dragon (D)
  Jory (D)
  24 Orb Guardians (D)
  A hellephant (D)
  2 Tzitzimimeh (D)
  A Brimstone Fiend (D)
  3 Hell Sentinels (D)
  2 liches (D)
  3 Ice Fiends (D)
  2 tentacled monstrosities (D)
  A deep elf master archer (D)
  16 titans (D)
  5 deep elf blademasters (D)
  Polyphemus (D)
  2 Executioners (D)
  3 sphinxes (D)
  8 acid blobs (D)
  Frances (D)
  3 azure jellies (D)
  2 storm dragons (D)
  A daeva (D)
  2 draconian monks (D)
  A ghost moth (D)
  6 fire giants (D)
  11 frost giants (D)
  3 iron dragons (D)
  3 deep elf sorcerers (D)
  A cacodemon (D)
  A draconian zealot (D)
  2 orc warlords (D)
  A balrug (D)
  A draconian shifter (D)
  2 spriggan defenders (D)
  2 draconian annihilators (D)
  A green draconian (D)
  A draconian caller (D)
  An ophan (D)
  2 reapers (D)
  2 deep elf demonologists (D)
  8 stone giants (D)
  2 black draconians (D)
  3 deep elf annihilators (D)
  2 apis (D)
  2 red draconians (D)
  A white draconian (D)
  2 lorocyprocas (D)
  11 ettins (D)
  3 green deaths (D)
  2 mummy priests (D)
  4 blizzard demons (D)
  An eidolon (D)
  5 death oozes (D)
  2 yaktaur captains (D)
  5 deep elf high priests (D)
  A rakshasa (D)
  A great orb of eyes (D)
  A naga warrior (D)
  An ice dragon (D)
  3 hydras (D)
  A monstrous demonspawn (D)
  3 vault guards (D)
  A hell beast (D)
  A catoblepas (D)
  A spriggan air mage (D)
  A death knight (D)
  A merfolk aquamancer (D)
  2 hell hogs (D)
  A death yak (D)
  2 spriggan berserkers (D)
  3 soul eaters (D)
  Nergalle (D)
  An iron troll (D)
  5 sun demons (D)
  2 deep elf knights (D)
  2 cherubim (D)
  A sixfirhy (D)
  A fire crab (D)
  A hell knight (D)
  4 spriggan druids (D)
  2 gelid demonspawn (D)
  A shadow demon (D)
  A death drake (shapeshifter) (D)
  3 torturous demonspawn (D)
  2 swamp dragons (D)
  15 hill giants (D)
  2 lindwurms (D)
  2 deep elf magi (D)
  A wizard (D)
  4 orc knights (D)
  9 cyclopes (D)
  2 large abominations (D)
  A toenail golem (D)
  A two-headed ogre (D)
  2 orange demons (D)
  A smoke demon (D)
  2 hellions (D)
  7 yaktaurs (D)
  A komodo dragon (D)
  2 rime drakes (D)
  A hellwing (D)
  2 efreet (D)
  2 ice devils (D)
  A meliai (shapeshifter) (D)
  A merfolk (D)
  A wind drake (D)
  A vampire (D)
  2 ynoxinuls (D)
  A water elemental (D)
  2 basilisks (D)
  A golden eye (shapeshifter) (D)
  4 chaos spawn (D)
  A wyvern (D)
  3 neqoxecs (D)
  A steam dragon (D)
  3 mottled dragons (D)
  2 insubstantial wisps (D)
  4 slaves (D)
  5 swamp drakes (D)
  A small abomination (D)
  A crimson imp (D)
  A quasit (D)
  A mummy (D)
  A shadow imp (D)
  A white imp (D)
  A goblin (D)
345 creatures vanquished.

Grand Total: 712 creatures vanquished

Notes
Turn   | Place    | Note
-------+----------+-------------------------------------------
     0 | D        | equalderp2856 the Felid Fighter began the quest for the Orb.
     0 | D        | Reached XP level 1. HP: 10/10 MP: 2/2
    15 | D        | Reached skill level 5 in Unarmed Combat
    15 | D        | Reached XP level 2. HP: 13/14 MP: 3/3
    20 | D        | Found a radiant altar of Vehumet.
    20 | D        | Found a hide-covered altar of Uskayaw.
    20 | D        | Found an ancient bone altar of Kikubaaqudgha.
    20 | D        | Found a viscous altar of Jiyva.
    20 | D        | Found a hazy altar of Hepliaklqana.
    21 | D        | Found a bloodstained altar of Trog.
    21 | D        | Found a deep blue altar of Sif Muna.
    21 | D        | Found a sacrificial altar of Ru.
    21 | D        | Found a stormy altar of Qazlal.
    21 | D        | Found an iron altar of Okawaru.
    21 | D        | Found a sparkling altar of Nemelex Xobeh.
    21 | D        | Found an opulent altar of Gozag.
    21 | D        | Found a blossoming altar of Fedhas.
    21 | D        | Found a white marble altar of Elyvilon.
    21 | D        | Found a shadowy altar of Dithmenos.
    21 | D        | Found a snail-covered altar of Cheibriados.
    22 | D        | Found a glowing golden altar of the Shining One.
    22 | D        | Found a glowing silver altar of Zin.
    23 | D        | Found a burning altar of Makhleb.
    23 | D        | Found a basalt altar of Yredelemnul.
    23 | D        | Found a roughly hewn altar of Beogh.
    24 | D        | Found a corrupted altar of Lugonu.
    24 | D        | Found a shimmering altar of Xom.
    24 | D        | Found a shattered altar of Ashenzari.
   164 | D        | Reached skill level 5 in Dodging
   164 | D        | Reached skill level 1 in Stealth
   164 | D        | Reached skill level 6 in Unarmed Combat
   164 | D        | Reached XP level 3. HP: 18/18 MP: 4/4
   189 | D        | Reached skill level 7 in Unarmed Combat
   195 | D        | Reached XP level 4. HP: 21/22 MP: 5/5
   287 | D        | Noticed Crazy Yiuf
   288 | D        | Noticed a big kobold
   288 | D        | Noticed a water moccasin
   291 | D        | Noticed a gnoll sergeant
   315 | D        | Killed Crazy Yiuf
   315 | D        | Reached skill level 8 in Unarmed Combat
   321 | D        | Killed a water moccasin
   321 | D        | Reached skill level 5 in Fighting
   321 | D        | Reached skill level 9 in Unarmed Combat
   321 | D        | Reached XP level 5. HP: 12/26 MP: 6/6
   327 | D        | Reached skill level 10 in Unarmed Combat
   362 | D        | Gained mutation: You are covered in thick fur. (AC +2) [Felid growth]
   362 | D        | Reached XP level 6. HP: 31/31 MP: 7/7
   483 | D        | Reached skill level 5 in Stealth
   483 | D        | Reached skill level 11 in Unarmed Combat
   497 | D        | Noticed a flying skull
   499 | D        | Killed a flying skull
   499 | D        | Reached skill level 10 in Dodging
   499 | D        | Reached XP level 7. HP: 35/35 MP: 8/8
   501 | D        | Noticed a shadow wraith
   503 | D        | Killed a shadow wraith
   503 | D        | Reached skill level 13 in Unarmed Combat
   503 | D        | Reached XP level 8. HP: 40/40 MP: 9/9
   505 | D        | Noticed Edmund
   541 | D        | Killed Edmund
   541 | D        | Reached skill level 10 in Stealth
   718 | D        | Noticed a kobold demonologist
   718 | D        | Noticed a kobold demonologist
   718 | D        | Noticed a kobold demonologist
   718 | D        | Noticed Joseph
   734 | D        | Noticed a hellwing
   740 | D        | Noticed an ice devil
   751 | D        | Killed a kobold demonologist
   751 | D        | Reached skill level 14 in Unarmed Combat
   778 | D        | Noticed a smoke demon
   779 | D        | Noticed a sun demon
   823 | D        | Killed a kobold demonologist
   829 | D        | Killed a kobold demonologist
   829 | D        | Reached skill level 15 in Unarmed Combat
   829 | D        | Reached XP level 9. HP: 34/43 MP: 10/10
   887 | D        | Killed Joseph
  1241 | D        | Noticed a kobold demonologist
  1242 | D        | Noticed a kobold demonologist
  1242 | D        | Noticed a six-headed hydra
  1270 | D        | Noticed a red devil
  1319 | D        | Noticed a sixfirhy
  1323 | D        | Killed a kobold demonologist
  1336 | D        | Noticed an ice devil
  1478 | D        | Killed a kobold demonologist
  1478 | D        | Reached skill level 16 in Unarmed Combat
  1646 | D        | Noticed a kobold demonologist
  1657 | D        | Noticed a spiny frog
  1674 | D        | Killed a spiny frog
  1676 | D        | Noticed a death yak
  1684 | D        | Noticed a soul eater
  1738 | D        | Noticed a sixfirhy
  1738 | D        | Killed a kobold demonologist
  1738 | D        | Reached skill level 1 in Evocations
  1790 | D        | Reached XP level 10. HP: 46/48 MP: 11/11
  1887 | D        | Noticed Pikel
  1888 | D        | Noticed a spiny frog
  1926 | D        | Killed a spiny frog
  1926 | D        | Reached skill level 17 in Unarmed Combat
  2022 | D        | Killed Pikel
  2033 | D        | Reached skill level 15 in Dodging
  2209 | D        | Noticed a vampire mage
  2214 | D        | Noticed a deep elf mage
  2226 | D        | Killed a vampire mage
  2279 | D        | Became a worshipper of Gozag Ym Sagoz the Greedy
  2287 | D        | Slain by a six-headed hydra
  2288 | D        | Reached XP level 9. HP: -4/45 MP: 11/11
  2340 | D        | Noticed an ice devil
  2341 | D        | Killed a deep elf mage
  2341 | D        | Reached skill level 18 in Unarmed Combat
  2445 | D        | Noticed a shadow wraith
  2450 | D        | Killed a shadow wraith
  2450 | D        | Reached XP level 10. HP: 42/49 MP: 12/12
  2501 | D        | Noticed a smoke demon
  2504 | D        | Noticed a deep elf high priest
  2624 | D        | Killed a smoke demon
  2627 | D        | Noticed a sixfirhy
  2632 | D        | Killed a deep elf high priest
  2633 | D        | Noticed a rust devil
  2633 | D        | Noticed an orange demon
  2641 | D        | Reached skill level 19 in Unarmed Combat
  2843 | D        | Noticed a death knight
  3685 | D        | Reached skill level 15 in Stealth
  3722 | D        | Noticed a vampire mage
  3722 | D        | Noticed a lindwurm
  3726 | D        | HP: 1/49 [lindwurm/blast of flame (27)]
  3733 | D        | Killed a lindwurm
  3739 | D        | Noticed a phantasmal warrior
  3739 | D        | Noticed a flayed ghost
  3739 | D        | Noticed a flayed ghost
  3741 | D        | Slain by a phantasmal warrior
  3742 | D        | Reached XP level 9. HP: -2/45 MP: 11/11
  3795 | D        | Noticed a kobold demonologist
  3795 | D        | Noticed a kobold demonologist
  3799 | D        | Noticed a soul eater
  3805 | D        | Noticed a sixfirhy
  3805 | D        | Killed a kobold demonologist
  3805 | D        | Reached XP level 10. HP: 27/49 MP: 12/12
  3842 | D        | Noticed a merfolk aquamancer
  3846 | D        | Reached skill level 20 in Unarmed Combat
  3862 | D        | Killed a merfolk aquamancer
  3875 | D        | Killed a vampire mage
  3998 | D        | Noticed an ogre mage
  4254 | D        | Killed an ogre mage
  4254 | D        | Reached skill level 21 in Unarmed Combat
  4254 | D        | Reached XP level 11. HP: 46/52 MP: 13/13
  4489 | D        | Noticed a fire crab
  4489 | D        | Noticed a white draconian
  4490 | D        | Noticed an ogre mage
  4491 | D        | Noticed a sphinx
  4493 | D        | Killed a fire crab
  4494 | D        | Noticed a deep elf sorcerer
  4494 | D        | Noticed a deep elf sorcerer
  4496 | D        | Noticed a deep elf annihilator
  4498 | D        | Killed a purple draconian
  4499 | D        | Noticed a purple draconian zealot
  4500 | D        | Noticed a deep elf high priest
  4501 | D        | Noticed a deep elf death mage
  4502 | D        | Noticed a deep elf high priest
  4503 | D        | Noticed a deep elf demonologist
  4503 | D        | Killed a deep elf high priest
  4505 | D        | Noticed a white draconian caller
  4505 | D        | Banished a white draconian caller
  4506 | D        | Noticed Frances
  4507 | D        | Noticed a cherub
  4508 | D        | Noticed a deep elf high priest
  4509 | D        | Noticed a deep elf sorcerer
  4511 | D        | Killed a deep elf sorcerer
  4524 | D        | Killed a cherub
  4537 | D        | Killed a sphinx
  4543 | D        | Noticed a yellow draconian monk
  4544 | D        | Killed a deep elf death mage
  4549 | D        | Killed a red draconian
  4551 | D        | Killed a ghostly deep elf death mage
  4561 | D        | Noticed a white draconian annihilator
  4567 | D        | Noticed a green draconian caller
  4568 | D        | Noticed a deep elf demonologist
  4570 | D        | Killed a deep elf demonologist
  4574 | D        | Noticed a fire dragon
  4578 | D        | Noticed a soul eater
  4581 | D        | Killed a fire dragon
  4586 | D        | Killed a green draconian caller
  4666 | D        | Identified Jamai's Disquisition on Conjuration and Lightness (You found it in the Dungeon)
  4713 | D        | Got the ring of Kuhoe {Dex+4 Stlth+}
  4715 | D        | Got the amulet "Musy" {Gourm rC+ Int+6 Dex+4}
  4717 | D        | Got the amulet "Ziesot" {Spirit Int+4 Stlth+}
  4719 | D        | Got the amulet "Punti Miq" {Spirit rF+ rN+}
  4722 | D        | Got the ring of Devotion {rF+ MP+9 Str-3 Dex+4 Stlth+}
  4788 | D        | Noticed a titan
  4792 | D        | Noticed a balrug
  4795 | D        | Noticed a Hell Sentinel
  4830 | D        | Reached skill level 22 in Unarmed Combat
  4880 | D        | Noticed a hell hog
  4881 | D        | Noticed a hell hog
  4883 | D        | Killed a hell hog
  4889 | D        | Noticed a titan
  4889 | D        | Killed a hell hog
  4894 | D        | Noticed Jory
  4895 | D        | Noticed a cacodemon
  4897 | D        | Noticed an azure jelly
  4901 | D        | Killed a titan
  4902 | D        | Killed a cacodemon
  4905 | D        | Killed an azure jelly
  4906 | D        | Noticed a spriggan berserker
  4911 | D        | Killed a spriggan berserker
  4912 | D        | Noticed an apis
  4913 | D        | Noticed a deep elf annihilator
  4914 | D        | Killed a deep elf annihilator
  4915 | D        | Noticed a tentacled monstrosity
  4915 | D        | Noticed a frost giant
  4918 | D        | Killed a frost giant
  4918 | D        | Killed a frost giant
  4920 | D        | Killed a tentacled monstrosity
  4922 | D        | Killed Jory
  4923 | D        | Killed a war gargoyle
  4924 | D        | Killed a white draconian
  4927 | D        | Killed an apis
  4953 | D        | Noticed the 27-headed Lernaean hydra
  5002 | D        | Noticed a lorocyproca
  5002 | D        | Noticed a green draconian
  5003 | D        | Noticed a swamp dragon
  5004 | D        | Noticed a soul eater
  5004 | D        | Noticed Nergalle
  5009 | D        | Killed a swamp dragon
  5055 | D        | Got the cursed ring "Zabiul" {Str+2 Int-4}
  5112 | D        | Noticed a red draconian caller
  5113 | D        | Noticed a storm dragon
  5122 | D        | Noticed an apis
  5124 | D        | Your ally died
  5126 | D        | Your ally died
  5129 | D        | Noticed a sphinx
  5129 | D        | Noticed a deep elf blademaster
  5129 | D        | Killed the 27-headed Lernaean hydra
  5129 | D        | Gained mutation: Your thick and shaggy fur keeps you warm. (AC +3, rC+) [Felid growth]
  5129 | D        | Reached XP level 12. HP: 57/57 MP: 14/14
  5132 | D        | Killed a storm dragon
  5135 | D        | Noticed a golden dragon
  5135 | D        | Noticed a deep elf annihilator
  5135 | D        | Killed a sphinx
  5136 | D        | Noticed a titan
  5137 | D        | Killed a deep elf annihilator
  5142 | D        | Killed a golden dragon
  5142 | D        | Reached skill level 23 in Unarmed Combat
  5144 | D        | Killed an apis
  5148 | D        | Noticed a green death
  5154 | D        | Killed a hell hog
  5160 | D        | Killed a hell hog
  5164 | D        | Noticed a storm dragon
  5168 | D        | Noticed a deep elf blademaster
  5169 | D        | Killed a storm dragon
  5171 | D        | Killed a deep elf blademaster
  5179 | D        | Noticed a mummy priest
  5179 | D        | Noticed a curse toe
  5181 | D        | Killed a mummy priest
  5187 | D        | Killed an ettin
  5377 | D        | Noticed a blizzard demon
  5377 | D        | Noticed a spriggan defender
  5378 | D        | Noticed a golden dragon
  5379 | D        | Noticed a storm dragon
  5379 | D        | Noticed Xtahua
  5379 | D        | Noticed an Ice Fiend
  5379 | D        | Noticed a blizzard demon
  5379 | D        | Noticed a bone dragon
  5384 | D        | Noticed an apis
  5386 | D        | Killed a bone dragon
  5391 | D        | Killed a blizzard demon
  5391 | D        | Your ally died
  5393 | D        | Killed a golden dragon
  5396 | D        | Killed an Ice Fiend
  5398 | D        | Killed a deep elf high priest
  5419 | D        | Killed an apis
  5462 | D        | Killed a storm dragon
  5586 | D        | Noticed a stone giant
  5732 | D        | Noticed a ghost moth
  5745 | D        | Killed a ghost moth
  5763 | D        | Killed a green draconian
  6080 | D        | Noticed a deep elf blademaster
  6097 | D        | Reached skill level 24 in Unarmed Combat
  6127 | D        | Noticed a storm dragon
  6127 | D        | Noticed a spriggan defender
  6135 | D        | Killed a storm dragon
  6145 | D        | Noticed an eidolon
  6152 | D        | Noticed an emperor scorpion
  6153 | D        | Noticed a great orb of eyes
  6153 | D        | Noticed a profane servitor
  6154 | D        | Noticed Polyphemus
  6154 | D        | Noticed an alligator
  6154 | D        | Noticed an ophan
  6154 | D        | Noticed an alligator snapping turtle
  6160 | D        | Killed an emperor scorpion
  6161 | D        | Noticed an ettin
  6168 | D        | Noticed a dire elephant
  6169 | D        | Noticed a dire elephant
  6170 | D        | Killed an alligator snapping turtle
  6170 | D        | Reached XP level 13. HP: 44/60 MP: 10/15
  6177 | D        | Killed a dire elephant
  6185 | D        | Killed a dire elephant
  6197 | D        | Noticed a reaper
  6198 | D        | Killed a deep elf blademaster
  6205 | D        | Killed a profane servitor
  6206 | D        | Killed an apis
  6219 | D        | Noticed an azure jelly
  6220 | D        | Noticed an azure jelly
  6226 | D        | Killed a reaper
  6231 | D        | Killed an azure jelly
  6263 | D        | Killed an azure jelly
  6326 | D        | Reached skill level 25 in Unarmed Combat
  6443 | D        | Killed an ophan
  6472 | D        | Killed a red draconian
  6533 | D        | Noticed Nikola
  6580 | D        | Got the ring "Ocsedem" {rPois Int+4}
  6722 | D        | Learned a level 9 spell: Glaciate
  6812 | D        | Noticed a red draconian
  6828 | D        | Killed a red draconian
  6833 | D        | Noticed a ghost moth
  6841 | D        | Your ally died
  6848 | D        | Killed a ghost moth
  6921 | D        | Killed a curse toe
  7373 | D        | Reached skill level 1 in Spellcasting
  7701 | D        | Noticed an ettin
  7703 | D        | Killed an ettin
  7706 | D        | Noticed a Brimstone Fiend
  7714 | D        | Killed a Brimstone Fiend
  7734 | D        | Killed from afar by a Hell Sentinel
  7735 | D        | Reached XP level 12. HP: -8/57 MP: 0/16
  7742 | D        | Killed a titan
  7772 | D        | Learned a level 4 spell: Throw Icicle
  7775 | D        | Learned a level 2 spell: Blink
  7785 | D        | Noticed a sphinx
  7785 | D        | Noticed a shadow dragon
  7786 | D        | Noticed a deep elf annihilator
  7786 | D        | Noticed a hellephant
  7786 | D        | Noticed a black draconian
  7788 | D        | Killed a deep elf annihilator
  7797 | D        | Killed a black draconian
  7808 | D        | Killed Butonuog the pandemonium lord
  7823 | D        | Killed a shadow dragon
  7950 | D        | HP: 2/57 [hellephant/blast of flame (54)]
  7959 | D        | Killed a hellephant
  8320 | D        | Noticed a Hell Sentinel
  8320 | D        | Noticed Margery
  8351 | D        | Noticed an Orb Guardian
  8351 | D        | Noticed an Orb Guardian
  8351 | D        | Noticed an Orb Guardian
  8351 | D        | Noticed an Orb Guardian
  8352 | D        | Noticed a ghost moth
  8357 | D        | Killed a ghost moth
  8361 | D        | Killed Dissolution
  8363 | D        | Killed an Orb Guardian
  8366 | D        | Killed an Orb Guardian
  8366 | D        | Killed an Orb Guardian
  8369 | D        | Noticed a pearl dragon
  8369 | D        | Noticed an Orb Guardian
  8370 | D        | Noticed a deep elf master archer
  8370 | D        | Noticed an Orb Guardian
  8370 | D        | Noticed a golden dragon
  8372 | D        | Noticed a deep elf master archer
  8373 | D        | Killed an Orb Guardian
  8373 | D        | Reached skill level 26 in Unarmed Combat
  8375 | D        | Killed a green death
  8375 | D        | Reached XP level 13. HP: 60/60 MP: 19/21
  8377 | D        | Killed a lich
  8378 | D        | Killed a pearl dragon
  8381 | D        | Killed Louise
  8381 | D        | Reached skill level 5 in Spellcasting
  8388 | D        | Killed a golden dragon
  8410 | D        | Killed a deep elf master archer
  8487 | D        | Noticed an Orb Guardian
  8487 | D        | Noticed an Orb Guardian
  8487 | D        | Noticed an Orb Guardian
  8490 | D        | Noticed an Ice Fiend
  8491 | D        | Noticed a titan
  8492 | D        | Killed an Orb Guardian
  8497 | D        | Killed an Orb Guardian
  8504 | D        | Killed a balrug
  8507 | D        | Noticed a reaper
  8507 | D        | Noticed a Hell Sentinel
  8511 | D        | Killed a reaper
  8521 | D        | Noticed a Brimstone Fiend
  8524 | D        | Noticed an Orb Guardian
  8524 | D        | Noticed an Orb Guardian
  8524 | D        | Noticed a deep elf blademaster
  8528 | D        | Noticed an Orb Guardian
  8574 | D        | Killed a lorocyproca
  8576 | D        | Noticed an ancient lich
  8577 | D        | Noticed a frost giant
  8578 | D        | Noticed a blizzard demon
  8578 | D        | Noticed an Orb Guardian
  8579 | D        | Noticed a mottled draconian annihilator
  8579 | D        | Noticed an Orb Guardian
  8579 | D        | Noticed an Orb Guardian
  8579 | D        | Noticed an Orb Guardian
  8579 | D        | Noticed an Orb Guardian
  8579 | D        | Noticed an Orb Guardian
  8579 | D        | Noticed a red draconian
  8580 | D        | Noticed an Orb Guardian
  8580 | D        | Noticed a titan
  8580 | D        | Noticed an ancient lich
  8580 | D        | Noticed a Tzitzimitl
  8580 | D        | Noticed an Orb Guardian
  8580 | D        | Noticed an Orb Guardian
  8580 | D        | Noticed an Orb Guardian
  8580 | D        | Noticed an Orb Guardian
  8580 | D        | Noticed Nicy the pandemonium lord
  8580 | D        | Killed an Orb Guardian
  8581 | D        | Noticed an Orb Guardian
  8581 | D        | Noticed an Orb Guardian
  8583 | D        | Killed an Orb Guardian
  8584 | D        | Killed an Orb Guardian
  8585 | D        | Killed an Orb Guardian
  8585 | D        | Killed a blizzard demon
  8585 | D        | Killed a titan
  8586 | D        | Killed an Orb Guardian
  8587 | D        | Killed a red draconian
  8587 | D        | Killed an Orb Guardian
  8588 | D        | Killed Nicy the pandemonium lord
  8589 | D        | Killed an Orb Guardian
  8589 | D        | Killed a Tzitzimitl
  8590 | D        | Killed an Orb Guardian
  8591 | D        | Noticed Mennas
  8591 | D        | Noticed a titan
  8591 | D        | Noticed a fire giant
  8591 | D        | Noticed an acid blob
  8591 | D        | Noticed an acid blob
  8591 | D        | Noticed a death ooze
  8592 | D        | Noticed an azure jelly
  8592 | D        | Noticed an acid blob
  8592 | D        | Killed an acid blob
  8593 | D        | Noticed the Royal Jelly
  8593 | D        | Killed a titan
  8593 | D        | Killed an acid blob
  8594 | D        | Noticed an acid blob
  8594 | D        | Noticed an azure jelly
  8594 | D        | Noticed a death ooze
  8594 | D        | Killed a fire giant
  8595 | D        | Noticed an azure jelly
  8595 | D        | Noticed a death ooze
  8595 | D        | Noticed a death ooze
  8595 | D        | Noticed an Ice Fiend
  8595 | D        | Killed an azure jelly
  8596 | D        | Noticed a death ooze
  8596 | D        | Killed a death ooze
  8596 | D        | Killed an azure jelly
  8597 | D        | Killed a death ooze
  8597 | D        | Killed an ancient lich
  8597 | D        | Killed a death ooze
  8598 | D        | Killed a death ooze
  8599 | D        | Killed an acid blob
  8600 | D        | Noticed an acid blob
  8600 | D        | Noticed an acid blob
  8600 | D        | Killed an acid blob
  8602 | D        | Noticed a death ooze
  8602 | D        | Noticed an acid blob
  8602 | D        | Noticed an ancient lich
  8602 | D        | Noticed a tentacled monstrosity
  8602 | D        | Noticed a greater mummy
  8602 | D        | Killed a death ooze
  8606 | D        | Noticed an acid blob
  8606 | D        | Killed the Royal Jelly
  8608 | D        | Killed an acid blob
  8609 | D        | Killed an azure jelly
  8609 | D        | Killed a death ooze
  8610 | D        | Noticed an acid blob
  8610 | D        | Killed an ancient lich
  8612 | D        | Noticed an acid blob
  8616 | D        | Killed an acid blob
  8616 | D        | Killed a Brimstone Fiend
  8617 | D        | Killed from afar by an acid blob
  8618 | D        | Reached XP level 12. HP: -5/58 MP: 0/23
  8622 | D        | Killed an Orb Guardian
  8622 | D        | Killed a death ooze
  8629 | D        | Killed an acid blob
  8629 | D        | Killed Mennas
  8636 | D        | Killed a greater mummy
  8655 | D        | Killed an acid blob
  8684 | D        | Killed an ancient lich
  8686 | D        | Killed an acid blob
  8689 | D        | Killed an Orb Guardian
  8711 | D        | Your ally died
  8753 | D        | Killed an acid blob
  8762 | D        | Killed a blizzard demon
  9138 | D        | Noticed a dire elephant
  9138 | D        | Noticed a golden dragon
  9138 | D        | Noticed a dire elephant
  9138 | D        | Noticed a catoblepas
  9138 | D        | Noticed a six-headed hydra
  9138 | D        | Noticed an ice dragon
  9138 | D        | Noticed a four-headed hydra
  9138 | D        | Noticed a five-headed hydra
  9138 | D        | Noticed a six-headed hydra
  9139 | D        | Noticed a five-headed hydra
  9227 | D        | Noticed an orc warlord
  9227 | D        | Noticed an orc warlord
  9234 | D        | Noticed a vault guard
  9240 | D        | Killed a vault guard
  9244 | D        | Noticed a vault guard
  9249 | D        | Noticed a vault guard
  9249 | D        | Noticed a naga warrior
  9256 | D        | Noticed an angel
  9257 | D        | Noticed a yaktaur captain
  9260 | D        | Killed a vault guard
  9263 | D        | Killed a naga warrior
  9264 | D        | Noticed a profane servitor
  9272 | D        | Killed a vault guard
  9281 | D        | Killed a naga warrior
  9323 | D        | Killed an angel
  9447 | D        | Noticed a lich
  9453 | D        | Noticed a yellow draconian zealot
  9453 | D        | Noticed an ancient lich
  9453 | D        | Noticed a storm dragon
  9453 | D        | Noticed a yaktaur captain
  9460 | D        | Killed a storm dragon
  9506 | D        | Noticed a Hell Sentinel
  9509 | D        | Noticed a red draconian
  9511 | D        | Killed a red draconian
  9514 | D        | Noticed Aczib the pandemonium lord
  9517 | D        | Noticed a green death
  9520 | D        | Noticed a titan
  9526 | D        | Noticed a cacodemon
  9526 | D        | Killed a Hell Sentinel
  9528 | D        | Killed a yellow draconian zealot
  9529 | D        | Noticed a Tzitzimitl
  9530 | D        | Killed a lich
  9533 | D        | Killed an ancient lich
  9538 | D        | Noticed a lorocyproca
  9560 | D        | Noticed a Hell Sentinel
  9648 | D        | Noticed a reaper
  9684 | D        | Noticed Ereshkigal
  9687 | D        | Noticed an Ice Fiend
  9691 | D        | Killed Ereshkigal
  9691 | D        | Reached skill level 10 in Fighting
  9691 | D        | Reached skill level 27 in Unarmed Combat
  9691 | D        | Reached skill level 10 in Spellcasting
  9691 | D        | Reached XP level 13. HP: 61/61 MP: 24/28
  9715 | D        | Killed a titan
  9725 | D        | Noticed an ettin
  9725 | D        | Noticed an ettin
  9725 | D        | Noticed a frost giant
  9725 | D        | Noticed an ettin
  9725 | D        | Noticed a titan
  9725 | D        | Noticed a titan
  9725 | D        | Noticed an ettin
  9725 | D        | Noticed a frost giant
  9725 | D        | Noticed a titan
  9725 | D        | Noticed a stone giant
  9725 | D        | Noticed a titan
  9725 | D        | Noticed a fire giant
  9725 | D        | Noticed a titan
  9725 | D        | Noticed a fire giant
  9725 | D        | Noticed an ettin
  9725 | D        | Noticed a frost giant
  9725 | D        | Killed an ettin
  9725 | D        | Reached skill level 1 in Conjurations
  9725 | D        | Reached skill level 1 in Ice Magic
  9726 | D        | Killed a stone giant
  9726 | D        | Killed a stone giant
  9727 | D        | Noticed a stone giant
  9728 | D        | Noticed an ettin
  9728 | D        | Killed an ettin
  9728 | D        | Killed an ettin
  9729 | D        | Noticed a fire giant
  9730 | D        | Noticed a stone giant
  9730 | D        | Killed a titan
  9731 | D        | Killed an ettin
  9731 | D        | Killed a stone giant
  9731 | D        | Killed a titan
  9732 | D        | Noticed a stone giant
  9733 | D        | Noticed a titan
  9734 | D        | Noticed a frost giant
  9734 | D        | Noticed a titan
  9734 | D        | Killed a frost giant
  9734 | D        | Killed a stone giant
  9735 | D        | Noticed an ettin
  9735 | D        | Killed a frost giant
  9735 | D        | Killed a fire giant
  9738 | D        | Noticed an ettin
  9739 | D        | Noticed a stone giant
  9739 | D        | Noticed a frost giant
  9739 | D        | Killed an ettin
  9739 | D        | Killed an ettin
  9740 | D        | Killed a stone giant
  9740 | D        | Killed a frost giant
  9740 | D        | Killed a stone giant
  9741 | D        | Killed a titan
  9741 | D        | Killed a titan
  9741 | D        | Noticed a frost giant
  9742 | D        | Noticed a stone giant
  9742 | D        | Killed a stone giant
  9743 | D        | Killed a frost giant
  9743 | D        | Killed a fire giant
  9744 | D        | Noticed a frost giant
  9744 | D        | Noticed a frost giant
  9744 | D        | Killed a frost giant
  9744 | D        | Killed a fire giant
  9745 | D        | Noticed an ettin
  9746 | D        | Noticed a frost giant
  9746 | D        | Noticed a titan
  9746 | D        | Killed a Hell Sentinel
  9747 | D        | Noticed a stone giant
  9747 | D        | Noticed an ettin
  9747 | D        | Killed a frost giant
  9749 | D        | Noticed a titan
  9749 | D        | Killed an ettin
  9750 | D        | Noticed a stone giant
  9750 | D        | Killed a titan
  9761 | D        | Killed a frost giant
  9763 | D        | Killed a titan
  9772 | D        | Noticed an ettin
  9854 | D        | Got a golden rune of Zot
  9987 | D        | Noticed an Executioner
  9993 | D        | Noticed a Hell Sentinel
  9995 | D        | Noticed Zanarr the pandemonium lord
 10002 | D        | Killed Zanarr the pandemonium lord
 10027 | D        | Killed an Executioner
 10027 | D        | Reached skill level 5 in Conjurations
 10027 | D        | Reached skill level 5 in Ice Magic
 10095 | D        | Noticed an orc warlord
 10136 | D        | Killed a stone giant
 10139 | D        | Killed an ettin
 10162 | D        | Noticed the Serpent of Hell
 10165 | D        | Killed a white draconian monk
 10166 | D        | Killed an Ice Fiend
 10169 | D        | Noticed a quicksilver dragon
 10170 | D        | Noticed a storm dragon
 10170 | D        | Killed a quicksilver dragon
 10171 | D        | Killed a storm dragon
 10174 | D        | Noticed an Ice Fiend
 10238 | D        | Noticed a lich
 10243 | D        | Noticed an orb of fire
 10246 | D        | Noticed a daeva
 10257 | D        | Noticed Jigoud the pandemonium lord
 10273 | D        | Killed an orb of fire
 10328 | D        | Killed an Ice Fiend
 10343 | D        | Killed a deep elf blademaster
 10343 | D        | Killed a stone giant
 10390 | D        | Noticed a lorocyproca
 10403 | D        | Noticed an eldritch tentacle
 10412 | D        | Killed an eldritch tentacle
 10578 | D        | Learned a level 6 spell: Bolt of Fire
 10588 | D        | Learned a level 9 spell: Fire Storm
 10621 | D        | Reached skill level 1 in Fire Magic
 10715 | D        | Killed a dire elephant
 10726 | D        | Reached skill level 5 in Fire Magic
 10769 | D        | Killed a dire elephant
 11036 | D        | Reached XP level 14. HP: 37/66 MP: 20/29
 11039 | D        | Killed a golden dragon
 11055 | D        | Reached skill level 10 in Fire Magic
 11094 | D        | Got a silver rune of Zot
 11199 | D        | Got the ring "Hehyog" {rElec rPois rF- MP+9 Str-4}
 11217 | D        | Identified the Catalogue of the Destructive Glacier (You found it in the Dungeon)
 11952 | D        | Noticed a shadow dragon
 11952 | D        | Noticed Boris
 11958 | D        | Killed a shadow dragon
 11967 | D        | Noticed an ancient lich
 11972 | D        | Noticed a Hell Sentinel
 11977 | D        | Noticed a balrug
 11977 | D        | Noticed Geryon
 11981 | D        | Noticed a purple draconian knight
 11984 | D        | Killed Geryon
 11995 | D        | Noticed an iron dragon
 11995 | D        | Noticed a golden dragon
 11995 | D        | Noticed a red draconian shifter
 11995 | D        | Noticed a titan
 11995 | D        | Noticed a quicksilver dragon
 11999 | D        | Killed a Hell Sentinel
 12005 | D        | Killed a quicksilver dragon
 12005 | D        | Your ally died
 12006 | D        | Killed an iron dragon
 12007 | D        | Killed a purple draconian knight
 12007 | D        | Killed a golden dragon
 12007 | D        | Killed an ancient lich
 12010 | D        | Noticed a storm dragon
 12021 | D        | Killed a storm dragon
 12046 | D        | Noticed Khufu
 12046 | D        | Noticed a greater mummy
 12046 | D        | Noticed a greater mummy
 12046 | D        | Noticed Apyfeumu the pandemonium lord
 12051 | D        | Killed a red draconian monk
 12059 | D        | Killed an iron dragon
 12064 | D        | Killed a greater mummy
 12068 | D        | Noticed a reaper
 12075 | D        | Killed Apyfeumu the pandemonium lord
 12078 | D        | Killed a hellephant
 12092 | D        | Killed an iron dragon
 12102 | D        | Noticed a greater mummy
 12118 | D        | Got an iron rune of Zot
 13264 | D        | Got the Orb of Zot
 13265 | D        | Noticed an Executioner
 13276 | D        | Noticed an Ice Fiend
 13276 | D        | Killed an Executioner
 13299 | D        | Noticed Vocafit the pandemonium lord
 13307 | D        | Your ally Vocafit died
 13309 | D        | Killed an Ice Fiend
 13328 | D        | Killed Margery
 13454 | D        | Noticed Oblye the pandemonium lord
 13495 | D        | Killed an Executioner
 13583 | D        | Noticed an Orb Guardian
 13618 | D        | Noticed a cacodemon
 13627 | D        | Killed a cacodemon
 13746 | D        | Noticed a Tzitzimitl
 13865 | D        | Killed an Orb Guardian
 13880 | D        | Noticed Horyva the pandemonium lord
 13965 | D        | Killed an Executioner
 14007 | D        | Noticed Macanuteaxku the pandemonium lord
 14040 | D        | Noticed an Ice Fiend
 14055 | D        | Noticed an Orb Guardian
 14101 | D        | Noticed an Orb Guardian
 14103 | D        | Killed an Orb Guardian
 14106 | D        | Killed an Orb Guardian
 14108 | D        | Killed an Orb Guardian
 14110 | D        | Killed Macanuteaxku the pandemonium lord
 14116 | D        | Killed an Orb Guardian
 14166 | D        | Noticed an Orb Guardian
 14172 | D        | Killed an Orb Guardian
 14172 | D        | Reached skill level 10 in Conjurations
 14173 | D        | Killed an Orb Guardian
 14225 | D        | Noticed a cacodemon
 14233 | D        | Killed a cacodemon
 14251 | D        | Noticed Viatakk the pandemonium lord
 14251 | D        | Noticed a lich
 14252 | D        | Noticed a Hell Sentinel
 14269 | D        | Killed a lich
 14270 | D        | Your ally Jigoud died
 14270 | D        | Reached skill level 15 in Fire Magic
 14270 | D        | Killed from afar by Viatakk the pandemonium lord

Skill      XL: |  1  2  3  4  5  6  7  8  9 10 11 12 13 14 |
---------------+-------------------------------------------+-----
Unarmed Combat | 5 6 7 9 10 11 13 15 18 21 22 27 25 | 27.0
Dodging        | 5 6 8 10 11 12 16 17 20 25 24 | 25.0
Stealth        | 1 2 3 4 6 9 11 12 16 17 25 23 | 25.1
Fighting       | 4 5 6 7 8 9 10 | 10.2
Evocations     | 1 2 |  2.0
Spellcasting   | 10 6 | 10.1
Conjurations   | 7 11 | 11.6
Ice Magic      | 7 |  7.4
Fire Magic     | 8 15 | 15.0

Action                   |  1- 3 |  4- 6 |  7- 9 | 10-12 | 13-15 || total
-------------------------+-------+-------+-------+-------+-------++-------
Melee: Unarmed           |    18 |    46 |   189 |   305 |   107 ||   665
       Bite              |     2 |     3 |    15 |    33 |    13 ||    66
       Punch             |       |     3 |    10 |    39 |    14 ||    66
Invok: Bribe Branch      |       |       |       |     6 |     8 ||    14
Evoke: Wand              |       |       |     3 |       |     2 ||     5
  Use: Potion            |     1 |     5 |     7 |    12 |     9 ||    34
       Scroll            |       |       |       |     2 |     3 ||     5
 Stab: Sleeping          |     2 |     2 |     5 |     9 |    10 ||    28
       Distracted        |       |     1 |       |     6 |     5 ||    12
       Paralysed         |       |       |       |       |     1 ||     1
  Eat: Chunk             |       |       |     1 |     1 |       ||     2
       Royal jelly       |       |       |       |     1 |     4 ||     5
Armor: Skin              |       |       |     7 |    10 |     2 ||    19
Dodge: Dodged            |    11 |    33 |   176 |   399 |   156 ||   775
